 Dungeon Crawl Stone Soup version 0.25-a0-842-g81a31cfd23 (webtiles) character file.

Game seed: 10047051210413506777, levelgen mode: deterministic

70 wvc the Skirmisher (level 4, -14/42 HPs)
             Began as a Centaur Wanderer on Apr 24, 2020.
             Demolished by an ogre
             ... wielding a +0 giant spiked club
              (25 damage)
             ... on level 3 of the Dungeon.
             The game lasted 00:03:50 (1442 turns).

wvc the Skirmisher (Centaur Wanderer)               Turns: 1442, Time: 00:03:51

Health: -14/42     AC:  6    Str: 13    XL:     4   Next: 3%
Magic:  4/4        EV:  9    Int:  9    God:
Gold:   139        SH:  0    Dex: 13    Spells: 3/3 levels left

rFire    . . .     SeeInvis .   a - +2 shortbow
rCold    . . .     Gourm    .   (shield currently unavailable)
rNeg     . . .     Faith    .   e - +1 robe
rPois    .         Spirit   .   l - +0 helmet
rElec    .         Reflect  .   (no cloak)
rCorr    .         Harm     .   (no gloves)
MR       .....                  (no barding)
Stlth    +.........             (no amulet)
HPRegen  0.14/turn              (no ring)
MPRegen  0.09/turn              (no ring)

@: very quick
A: large, hooves 3, deformed body, speed 2, tough skin 3
a: no special abilities


You were on level 3 of the Dungeon.
You were not hungry.

You visited 1 branch of the dungeon, and saw 3 of its levels.

You collected 139 gold pieces.

Inventory:

Hand Weapons
 a - a +2 shortbow (weapon)
 p - a +2 hunting sling of flaming
Missiles
 b - 24 arrows
 g - 11 poisoned darts (quivered)
 q - 4 datura-tipped darts
 r - 25 stones
Armour
 e - a +1 robe (worn)
 l - a +0 helmet (worn)
Wands
 k - a wand of polymorph (8)
Scrolls
 h - 2 scrolls of identify
 i - a scroll of teleportation
 j - a scroll of enchant weapon {unknown}
 n - a scroll of enchant armour
Potions
 c - a potion of curing
 d - 2 potions of lignification
 m - a potion of magic {unknown}
 o - a potion of brilliance {unknown}
Comestibles
 f - 2 rations


   Skills:
 + Level 5.6 Fighting
   Level 1.0 Axes
 - Level 1.3 Bows
 - Level 1.1 Throwing
 - Level 1.3 Armour
 - Level 1.0 Evocations


You had 3 spell levels left.
You didn't know any spells.
Your spell library was empty.

Dungeon Overview and Level Annotations

Branches:
Dungeon (3/15)

Altars:


Innate Abilities, Weirdness & Mutations

You have hooves in place of feet.
Armour fits poorly on your strangely shaped body.
You cover ground very quickly.
You have extremely tough skin. (AC +3)


Message History

Press: ? - help, Shift-Dir - straight line, f - ogre
Aim: an ogre, wielding a +0 giant spiked club (heavily wounded, fast, unusually strong, frenzied and insane)
You throw a poisoned dart. The poisoned dart hits the ogre.
The ogre is poisoned.
The ogre is heavily wounded.
The ogre shouts!
Throwing (i - inventory. (/) - cycle)
g - 12 poisoned darts (quivered)
Press: ? - help, Shift-Dir - straight line, f/p - ogre
Aim: an ogre, wielding a +0 giant spiked club (severely wounded, fast, unusually strong, poisoned, frenzied and insane)
You throw a poisoned dart. The poisoned dart hits the ogre.
The ogre looks even sicker.
The ogre is severely wounded.
The ogre barely misses you.
The ogre shouts!
Found a scroll of magic mapping.
The ogre shouts!
The ogre shouts!
The ogre hits you with a +0 giant spiked club!!
Ouch! That really hurt!
You die...

#....<<...#
#.#.#####.# ###.#.#
#.#
?......####.#####.#
#.......(.......#
##.<..###.#######
#..#.###.#
##....O.#.#
.###......@..#
#....#.###.###
#.#....†(.# #
###(##### #( #( #.
#( #(


You could see a neutral ogre (insane).

Vanquished Creatures
  Terence (D:2)
  An adder (D:2)
  An ooze (D:2)
  A ball python (D:2)
  5 bats
  7 goblins
  2 hobgoblins
  A quokka (D:2)
  2 frilled lizards (D:1)
  6 kobolds
  3 rats
30 creatures vanquished.

Vanquished Creatures (collateral kills)
  A quokka (D:3)
1 creature vanquished.

Grand Total: 31 creatures vanquished

Notes
Turn   | Place    | Note
-------+----------+-------------------------------------------
     0 | D:1      | wvc the Centaur Wanderer began the quest for the Orb.
     0 | D:1      | wvc set off with the following items: a +2 shortbow, 27
                  | arrows, a potion of curing, a potion of lignification, a +0
                  | robe, a ration
     0 | D:1      | Reached XP level 1. HP: 20/20 MP: 1/1
    86 | D:1      | Reached XP level 2. HP: 28/28 MP: 2/2
   679 | D:2      | Noticed Terence
   706 | D:2      | Killed Terence
   706 | D:2      | Reached skill level 5 in Fighting
   706 | D:2      | Reached XP level 3. HP: 31/36 MP: 3/3
  1239 | D:2      | Reached XP level 4. HP: 42/42 MP: 4/4
  1412 | D:3      | Noticed an ogre
  1442 | D:3      | Demolished by an ogre

Levels and vault maps discovered:
D:1:      minmay_arrival_diagonal_passages, layout_basic
D:2:      layout_basic, minmay_misc_feat_rows, chequers_serial_rivers_micro_d,
          kennysheep_cluttered_room, minmay_misc_feat_x, uniq_terence
D:3:      layout_loops_corners, first_ration, serial_undead, serial_undead_a,
          serial_undead_a, serial_undead_b, serial_undead_d, uniq_grinder,
          uniq_ijyb

Skill      XL: |  1  2 |
---------------+-------+-----
Fighting       | 5 |  5.6
Axes           | |  1.0
Bows           | |  1.3
Throwing       | |  1.1
Armour         | |  1.3
Evocations     | |  1.0

Action                   |  1- 3 |  4- 6 || total
-------------------------+-------+-------++-------
Melee: Unarmed           |    16 |       ||    16
 Fire: Shortbow          |    72 |    13 ||    85
Throw: Dart              |       |     4 ||     4
  Use: Scroll            |     5 |       ||     5
Armor: Robe              |     8 |       ||     8
       Skin              |     3 |       ||     3
Dodge: Dodged            |    14 |     5 ||    19

Table legend:
 A = Non-vault XP
 B = Vault XP
 C = Vault XP percentage of total XP
 D = Non-vault monster count
 E = Vault monster count
 F = Vault count percentage of total count
                 A         B        C        D         E       F
            +---------+---------+-------+---------+---------+-------
      Total |      64 |      36 |  36.0 |      30 |       1 |   3.2
            +---------+---------+-------+---------+---------+-------
        D:1 |      27 |       0 |   0.0 |      17 |       0 |   0.0
        D:2 |      34 |      36 |  51.4 |      11 |       1 |   8.3
        D:3 |       3 |       0 |   0.0 |       2 |       0 |   0.0
            +---------+---------+-------+---------+---------+-------
